Capitals vs Avalanche

Created - March 27 2011 at 12:13

Goals
1 2 3 T
Capitals 1 0 1 2
Avalanche 0 3 0 3
Shots
1 2 3 T
Capitals 10 6 11 27
Avalanche 9 10 3 22

Period #1

1. Capitals , Alexander Semin 37 (Tomas Fleischmann, Willie Mitchell) at 11:46 (PP)

Penalties :
Marc Methot (WSH) for Hooking (Minor) at 3:20, T.J. Oshie (COL) for Holding Stick (Minor) at 4:12, James Vandermeer (COL) for Tripping (Minor) at 6:17, Alexander Semin (WSH) for Holding (Minor) at 6:17, Steve Eminger (WSH) for Hooking (Minor) at 8:30, Ian Laperriere (COL) for Tripping (Minor) at 10:40, Mike Green (WSH) for Cross-checking (Minor) at 13:00, Ian Laperriere (COL) for Tripping (Minor) at 18:48

Period #2

2. Avalanche , Shawn Horcoff 7 (Ian Laperriere) at 7:09
3. Avalanche , Vaclav Prospal 15 (T.J. Oshie, Joe Corvo) at 16:31
4. Avalanche , Mike Knuble 32 (Wojtek Wolski, Tyler Bozak) at 17:15

Penalties :
T.J. Oshie (COL) for Hooking (Minor) at 3:31, Alexander Semin (WSH) for Cross-checking (Minor) at 7:20, Brian Sutherby (WSH) for Interference (Minor) at 10:21, Mike Knuble (COL) for Hooking (Minor) at 11:17, Dustin Penner (COL) for Fighting (Major) at 13:22, Brian Sutherby (WSH) for Fighting (Major) at 13:22, Wade Redden (COL) for Hooking (Minor) at 13:56, Marc Methot (WSH) for Hooking (Minor) at 16:47, Willie Mitchell (WSH) for Elbowing (Minor) at 18:39

Period #3

5. Capitals , Alexander Ovechkin 34 (Kimmo Timonen, Matt Stajan) at 3:27 (PP)

Penalties :
Mike Knuble (COL) for Cross-checking (Minor) at 2:54, Antti Niemi (COL) for Slashing (Minor) at 3:21 - Ian Laperriere served the penalty., Joe Corvo (COL) for Hooking (Minor) at 9:20, Cam Barker (COL) for Hooking (Minor) at 12:05, Cam Barker (COL) for Tripping (Minor) at 14:49, Alexander Semin (WSH) for Hooking (Minor) at 18:49

Goalie Stats

Jimmy Howard (WSH), 19 saves from 22 shots - (0.864), L, 23-35-4, 60:00 minutes
Antti Niemi (COL), 25 saves from 27 shots - (0.926), W, 22-21-2, 60:00 minutes

Players Stats

Capitals
Player Name              G  A  P  +/- PIM S  H  SB FO    MP 
------------------------------------------------------------
Alexander Ovechkin       1  0  1   0  0   2  2  0  7/8   23 
Alexander Semin          1  0  1  -1  6   5  1  0  1/3   20 
Alexei Kovalev           0  0  0  -1  0   2  0  0  0/0   12 
Boyd Kane                0  0  0  -1  0   1  0  0  1/8   6  
Brian Sutherby           0  0  0   0  7   3  2  0  6/9   12 
Corey Potter             0  0  0  -1  0   0  0  0  0/0   13 
Jeff Halpern             0  0  0  -1  0   1  2  0  12/23 14 
Kimmo Timonen            0  1  1  -1  0   1  0  4  0/0   25 
Marc Methot              0  0  0   0  4   1  1  1  0/0   20 
Matt Cooke               0  0  0  -1  0   1  1  1  1/3   17 
Matt Pettinger           0  0  0  -1  0   0  0  0  0/0   8  
Matt Stajan              0  1  1   0  0   1  0  0  14/18 14 
Mike Green               0  0  0  -1  2   1  0  1  0/0   15 
Ryane Clowe              0  0  0  -1  0   1  0  0  7/13  21 
Steve Eminger            0  0  0  -2  2   0  2  1  0/0   18 
Tomas Fleischmann        0  1  1  -1  0   4  0  1  0/1   21 
Trent Hunter             0  0  0  -1  0   1  0  1  0/0   6  
Willie Mitchell          0  1  1  -1  2   2  1  3  0/0   21 
Avalanche
Player Name              G  A  P  +/- PIM S  H  SB FO    MP 
------------------------------------------------------------
Antti Miettinen          0  0  0   1  0   0  2  0  1/1   9  
Cal Clutterbuck          0  0  0   0  0   1  0  0  0/0   4  
Cam Barker               0  0  0   1  4   1  2  0  0/0   18 
Daniel Paille            0  0  0   0  0   0  0  0  0/1   11 
Dustin Penner            0  0  0   0  5   0  0  0  0/0   16 
Ian Laperriere           0  1  1   1  4   2  1  0  0/0   12 
James Vandermeer         0  0  0   1  2   1  2  2  0/0   18 
Joe Corvo                0  1  1   1  2   2  0  3  0/0   23 
Joni Pitkanen            0  0  0   1  0   0  2  2  0/0   21 
Kevin Klein              0  0  0   1  0   0  1  2  0/0   19 
Mike Knuble              1  0  1   2  4   4  0  0  1/1   16 
Ryan White               0  0  0   0  0   0  0  0  2/4   2  
Shawn Horcoff            1  0  1   1  0   2  1  0  8/25  17 
T.J. Oshie               0  1  1   1  4   0  1  0  0/0   16 
Tyler Bozak              0  1  1   1  0   4  1  0  15/31 22 
Vaclav Prospal           1  0  1   1  0   4  0  1  10/23 21 
Wade Redden              0  0  0   1  2   0  1  1  0/0   19 
Wojtek Wolski            0  1  1   1  0   1  0  0  0/0   14 

3 Stars

1 - Shawn Horcoff (COL)
2 - Vaclav Prospal (COL)
3 - Alexander Ovechkin (WSH)

Power Play

Capitals - 2 on 11 Attempt(s) - 18.18%
Avalanche - 0 on 8 Attempt(s) - 0.00%

Penalty Kill

Capitals - 8 on 8 Attempt(s) - 100.00% - Score 0 goal in Penalty Kill
Avalanche - 9 on 11 Attempt(s) - 81.82% - Score 0 goal in Penalty Kill

Game Notes

Dustin Penner beats up Brian Sutherby at 13:22 of 2nd period
Mike Green is injured at 0:14 of 3rd period (Torn Left Knee Ligaments)

Finance

Level 1 -- Attendance: 6500 (100.00%) -- Ticket Income $585,000.00
Level 2 -- Attendance: 4015 (80.30%) -- Ticket Income $240,900.00
Level 3 -- Attendance: 3154 (90.11%) -- Ticket Income $110,390.00
Level 4 -- Attendance: 1870 (93.17%) -- Ticket Income $46,750.00
Luxury Box -- Attendance: 922 (92.20%) -- Ticket Income $175,180.00
Game was played at the Pepsi Center
Total Attendance: 16461 (91.41%)
Total Ticket Income: $1,181,019.00
Other Income: $202,386.60
Total Income: $1,383,406.00


Play by Play

Period #1

0:01 of 1st period - Ryane Clowe wins face-off versus Vaclav Prospal in neutral zone.
1:21 of 1st period - Shot by Wojtek Wolski.
1:21 of 1st period - Deflect By Tyler Bozak.
1:21 of 1st period - Shot Blocked by Willie Mitchell.
1:51 of 1st period - Shot by Alexei Kovalev.
1:51 of 1st period - Shot Blocked by Joni Pitkanen.
1:55 of 1st period - Shot by Brian Sutherby.
1:55 of 1st period - Stopped by Antti Niemi with a rebound.
1:57 of 1st period - Shot by Brian Sutherby.
1:57 of 1st period - Stopped by Antti Niemi without a rebound.
1:58 of 1st period - Shawn Horcoff wins face-off versus Boyd Kane in Avalanche zone.
2:19 of 1st period - Shot by Kimmo Timonen.
2:19 of 1st period - Stopped by Antti Niemi without a rebound.
2:20 of 1st period - Ryan White wins face-off versus Brian Sutherby in Avalanche zone.
2:20 of 1st period - Ryan White is hit by Brian Sutherby.
3:20 of 1st period - Minor Penalty to Marc Methot for Hooking.
3:21 of 1st period - Alexander Ovechkin wins face-off versus Vaclav Prospal in Capitals zone.
4:12 of 1st period - Minor Penalty to T.J. Oshie for Holding Stick.
4:13 of 1st period - Ryane Clowe wins face-off versus Tyler Bozak in Avalanche zone.
4:28 of 1st period - Shot by Ryane Clowe.
4:28 of 1st period - Stopped by Antti Niemi without a rebound.
4:29 of 1st period - Ryane Clowe wins face-off versus Vaclav Prospal in Avalanche zone.
4:36 of 1st period - Shot by Tomas Fleischmann.
4:36 of 1st period - Shot Misses the Net.
5:20 of 1st period - Alexander Semin is hit by Shawn Horcoff and loses puck.
5:27 of 1st period - Shot by Marc Methot.
5:27 of 1st period - Shot Blocked by James Vandermeer.
5:29 of 1st period - Shot by Matt Cooke.
5:29 of 1st period - Stopped by Antti Niemi without a rebound.
5:30 of 1st period - Matt Stajan wins face-off versus Shawn Horcoff in Avalanche zone.
6:17 of 1st period - Minor Penalty to James Vandermeer for Tripping.
6:17 of 1st period - Minor Penalty to Alexander Semin for Holding.
6:18 of 1st period - Tyler Bozak wins face-off versus Ryane Clowe in Avalanche zone.
6:22 of 1st period - Off-side.
6:23 of 1st period - Ryane Clowe wins face-off versus Tyler Bozak in neutral zone.
6:50 of 1st period - Shot by Tyler Bozak.
6:50 of 1st period - Shot Misses the Net.
7:18 of 1st period - Shot by Joe Corvo.
7:18 of 1st period - Stopped by Jimmy Howard without a rebound.
7:19 of 1st period - Alexander Ovechkin wins face-off versus Vaclav Prospal in Capitals zone.
7:55 of 1st period - Icing by Mike Green.
7:56 of 1st period - Alexander Ovechkin wins face-off versus Tyler Bozak in Capitals zone.
8:17 of 1st period - Shot by Tyler Bozak.
8:17 of 1st period - Stopped by Jimmy Howard without a rebound.
8:18 of 1st period - Brian Sutherby wins face-off versus Shawn Horcoff in Capitals zone.
8:27 of 1st period - Alexander Semin is hit by Ian Laperriere.
8:30 of 1st period - Minor Penalty to Steve Eminger for Hooking.
8:31 of 1st period - Ryane Clowe wins face-off versus Vaclav Prospal in Capitals zone.
9:45 of 1st period - Icing by Cam Barker.
9:46 of 1st period - Tyler Bozak wins face-off versus Ryane Clowe in Avalanche zone.
10:01 of 1st period - Shot by Tyler Bozak.
10:01 of 1st period - Stopped by Jimmy Howard with a rebound.
10:35 of 1st period - Shot by Antti Miettinen.
10:35 of 1st period - Deflect By Ian Laperriere.
10:35 of 1st period - Stopped by Jimmy Howard without a rebound.
10:36 of 1st period - Brian Sutherby wins face-off versus Shawn Horcoff in Capitals zone.
10:36 of 1st period - Alexei Kovalev is hit by Antti Miettinen and loses puck.
10:40 of 1st period - Minor Penalty to Ian Laperriere for Tripping.
10:41 of 1st period - Matt Stajan wins face-off versus Shawn Horcoff in Avalanche zone.
11:04 of 1st period - Off-side.
11:05 of 1st period - Alexander Semin wins face-off versus Shawn Horcoff in neutral zone.
11:18 of 1st period - Shot by Alexander Semin.
11:18 of 1st period - Shot Misses the Net.
11:22 of 1st period - Shot by Alexander Semin.
11:22 of 1st period - Stopped by Antti Niemi without a rebound.
11:23 of 1st period - Tyler Bozak wins face-off versus Jeff Halpern in Avalanche zone.
11:46 of 1st period - Shot by Tomas Fleischmann.
11:46 of 1st period - Deflect By Alexander Semin.
11:46 of 1st period - Goal by Alexander Semin - Capitals : 1 - Avalanche : 0.
11:47 of 1st period - Vaclav Prospal wins face-off versus Brian Sutherby in neutral zone.
11:50 of 1st period - Shot by T.J. Oshie.
11:50 of 1st period - Shot Misses the Net.
11:52 of 1st period - Shot by Vaclav Prospal.
11:52 of 1st period - Shot Blocked by Steve Eminger.
12:00 of 1st period - Wade Redden is hit by Brian Sutherby and loses puck.
12:04 of 1st period - Icing by Joni Pitkanen.
12:05 of 1st period - Vaclav Prospal wins face-off versus Boyd Kane in Avalanche zone.
12:23 of 1st period - Shot by Vaclav Prospal.
12:23 of 1st period - Stopped by Jimmy Howard without a rebound.
12:24 of 1st period - Brian Sutherby wins face-off versus Shawn Horcoff in Capitals zone.
12:35 of 1st period - Shot by Alexei Kovalev.
12:35 of 1st period - Shot Misses the Net.
12:37 of 1st period - Shot by Matt Cooke.
12:37 of 1st period - Deflect By Brian Sutherby.
12:37 of 1st period - Shot Misses the Net.
12:39 of 1st period - Shot by Brian Sutherby.
12:39 of 1st period - Shot Misses the Net.
12:41 of 1st period - Shot by Brian Sutherby.
12:41 of 1st period - Deflect By Alexei Kovalev.
12:41 of 1st period - Shot Misses the Net.
12:45 of 1st period - Shot by Steve Eminger.
12:45 of 1st period - Deflect By Alexei Kovalev.
12:45 of 1st period - Stopped by Antti Niemi with a rebound.
12:47 of 1st period - Shot by Brian Sutherby.
12:47 of 1st period - Stopped by Antti Niemi without a rebound.
12:48 of 1st period - Matt Stajan wins face-off versus Tyler Bozak in Avalanche zone.
12:53 of 1st period - Shot by Alexander Ovechkin.
12:53 of 1st period - Shot Misses the Net.
13:00 of 1st period - Minor Penalty to Mike Green for Cross-checking.
13:01 of 1st period - Ryane Clowe wins face-off versus Tyler Bozak in Capitals zone.
13:14 of 1st period - Shot by Cam Barker.
13:14 of 1st period - Stopped by Jimmy Howard without a rebound.
13:15 of 1st period - Vaclav Prospal wins face-off versus Ryane Clowe in Capitals zone.
13:23 of 1st period - Wojtek Wolski is hit by Willie Mitchell and loses puck.
13:44 of 1st period - Shot by Vaclav Prospal.
13:44 of 1st period - Stopped by Jimmy Howard without a rebound.
13:45 of 1st period - Alexander Ovechkin wins face-off versus Tyler Bozak in Capitals zone.
13:58 of 1st period - Shot by Tyler Bozak.
13:58 of 1st period - Stopped by Jimmy Howard without a rebound.
13:59 of 1st period - Tyler Bozak wins face-off versus Alexander Ovechkin in Capitals zone.
14:53 of 1st period - Shot by Mike Knuble.
14:53 of 1st period - Stopped by Jimmy Howard without a rebound.
14:54 of 1st period - Vaclav Prospal wins face-off versus Alexander Semin in Capitals zone.
15:05 of 1st period - Shot by Alexei Kovalev.
15:05 of 1st period - Stopped by Antti Niemi without a rebound.
15:06 of 1st period - Shawn Horcoff wins face-off versus Brian Sutherby in Avalanche zone.
15:06 of 1st period - James Vandermeer is hit by Matt Cooke and loses puck.
15:18 of 1st period - Ian Laperriere is hit by Steve Eminger and loses puck.
16:01 of 1st period - Shot by T.J. Oshie.
16:01 of 1st period - Deflect By Vaclav Prospal.
16:01 of 1st period - Shot Misses the Net.
16:27 of 1st period - Shot by T.J. Oshie.
16:27 of 1st period - Shot Misses the Net.
17:22 of 1st period - Mike Knuble is hit by Jeff Halpern and loses puck.
17:49 of 1st period - Shot by Tomas Fleischmann.
17:49 of 1st period - Deflect By Alexander Semin.
17:49 of 1st period - Shot Misses the Net.
17:51 of 1st period - Shot by Willie Mitchell.
17:51 of 1st period - Shot Misses the Net.
18:48 of 1st period - Minor Penalty to Ian Laperriere for Tripping.
18:49 of 1st period - Jeff Halpern wins face-off versus Shawn Horcoff in Avalanche zone.
19:40 of 1st period - Off-side.
19:41 of 1st period - Tyler Bozak wins face-off versus Matt Stajan in neutral zone.

Period #2

0:01 of 2nd period - Matt Stajan wins face-off versus Shawn Horcoff in neutral zone.
0:39 of 2nd period - Shot by Matt Stajan.
0:39 of 2nd period - Stopped by Antti Niemi without a rebound.
0:40 of 2nd period - Tyler Bozak wins face-off versus Jeff Halpern in Avalanche zone.
2:00 of 2nd period - Shot by Alexander Semin.
2:00 of 2nd period - Stopped by Antti Niemi without a rebound.
2:01 of 2nd period - Matt Stajan wins face-off versus Shawn Horcoff in Avalanche zone.
2:20 of 2nd period - Shot by Shawn Horcoff.
2:20 of 2nd period - Stopped by Jimmy Howard with a rebound.
2:22 of 2nd period - Shot by Shawn Horcoff.
2:22 of 2nd period - Shot Misses the Net.
2:24 of 2nd period - Shot by James Vandermeer.
2:24 of 2nd period - Stopped by Jimmy Howard without a rebound.
2:25 of 2nd period - Boyd Kane wins face-off versus Tyler Bozak in Capitals zone.
2:51 of 2nd period - Shot by Mike Knuble.
2:51 of 2nd period - Stopped by Jimmy Howard with a rebound.
2:55 of 2nd period - Shot by Wojtek Wolski.
2:55 of 2nd period - Stopped by Jimmy Howard with a rebound.
2:59 of 2nd period - Shot by Mike Knuble.
2:59 of 2nd period - Stopped by Jimmy Howard without a rebound.
3:00 of 2nd period - Shawn Horcoff wins face-off versus Jeff Halpern in Capitals zone.
3:14 of 2nd period - Shot by Tomas Fleischmann.
3:14 of 2nd period - Stopped by Antti Niemi without a rebound.
3:15 of 2nd period - Brian Sutherby wins face-off versus Vaclav Prospal in Avalanche zone.
3:31 of 2nd period - Minor Penalty to T.J. Oshie for Hooking.
3:32 of 2nd period - Shawn Horcoff wins face-off versus Jeff Halpern in Avalanche zone.
3:40 of 2nd period - Off-side.
3:41 of 2nd period - Tyler Bozak wins face-off versus Jeff Halpern in neutral zone.
3:41 of 2nd period - Tyler Bozak is hit by Alexander Semin.
5:02 of 2nd period - Shot by Kimmo Timonen.
5:02 of 2nd period - Shot Blocked by Kevin Klein.
5:28 of 2nd period - Ian Laperriere is hit by Marc Methot and loses puck.
5:49 of 2nd period - Shot by Alexei Kovalev.
5:49 of 2nd period - Deflect By Matt Cooke.
5:49 of 2nd period - Shot Misses the Net.
5:53 of 2nd period - Shot by Steve Eminger.
5:53 of 2nd period - Shot Misses the Net.
5:57 of 2nd period - Shot by Alexei Kovalev.
5:57 of 2nd period - Shot Hit the Post.
5:59 of 2nd period - Shot by Matt Cooke.
5:59 of 2nd period - Shot Misses the Net.
6:03 of 2nd period - Shot by Alexei Kovalev.
6:03 of 2nd period - Shot Blocked by Joe Corvo.
7:03 of 2nd period - Shot by Shawn Horcoff.
7:03 of 2nd period - Shot Blocked by Kimmo Timonen.
7:05 of 2nd period - Shot by Ian Laperriere.
7:05 of 2nd period - Stopped by Jimmy Howard with a rebound.
7:07 of 2nd period - Shot by Ian Laperriere.
7:07 of 2nd period - Shot Blocked by Kimmo Timonen.
7:09 of 2nd period - Shot by Shawn Horcoff.
7:09 of 2nd period - Goal by Shawn Horcoff - Capitals : 1 - Avalanche : 1.
7:10 of 2nd period - Jeff Halpern wins face-off versus Ryan White in neutral zone.
7:20 of 2nd period - Minor Penalty to Alexander Semin for Cross-checking.
7:21 of 2nd period - Ryane Clowe wins face-off versus Vaclav Prospal in Capitals zone.
7:34 of 2nd period - Shot by Wojtek Wolski.
7:34 of 2nd period - Shot Blocked by Tomas Fleischmann.
7:36 of 2nd period - Shot by Wade Redden.
7:36 of 2nd period - Shot Blocked by Willie Mitchell.
9:34 of 2nd period - Shot by Trent Hunter.
9:34 of 2nd period - Deflect By Boyd Kane.
9:34 of 2nd period - Stopped by Antti Niemi without a rebound.
9:35 of 2nd period - Shawn Horcoff wins face-off versus Jeff Halpern in Avalanche zone.
9:37 of 2nd period - Icing by Antti Miettinen.
9:38 of 2nd period - Shawn Horcoff wins face-off versus Jeff Halpern in Avalanche zone.
9:58 of 2nd period - Shot by Tomas Fleischmann.
9:58 of 2nd period - Shot Misses the Net.
10:21 of 2nd period - Minor Penalty to Brian Sutherby for Interference.
10:22 of 2nd period - Alexander Ovechkin wins face-off versus Tyler Bozak in Capitals zone.
10:24 of 2nd period - Mike Green is hit by T.J. Oshie and loses puck.
11:17 of 2nd period - Minor Penalty to Mike Knuble for Hooking.
11:18 of 2nd period - Vaclav Prospal wins face-off versus Ryane Clowe in Avalanche zone.
11:23 of 2nd period - Tomas Fleischmann is hit by Antti Miettinen and loses puck.
11:34 of 2nd period - Shot by Tomas Fleischmann.
11:34 of 2nd period - Shot Misses the Net.
11:46 of 2nd period - Shot by Tomas Fleischmann.
11:46 of 2nd period - Stopped by Antti Niemi without a rebound.
11:47 of 2nd period - Matt Cooke wins face-off versus Vaclav Prospal in Avalanche zone.
11:55 of 2nd period - Off-side.
11:56 of 2nd period - Vaclav Prospal wins face-off versus Matt Cooke in neutral zone.
13:22 of 2nd period - Dustin Penner beats up Brian Sutherby.
13:22 of 2nd period - Penalty to Dustin Penner for Fighting.
13:22 of 2nd period - Penalty to Brian Sutherby for Fighting.
13:23 of 2nd period - Tyler Bozak wins face-off versus Jeff Halpern in Avalanche zone.
13:27 of 2nd period - Icing by Mike Knuble.
13:28 of 2nd period - Mike Knuble wins face-off versus Ryane Clowe in Avalanche zone.
13:56 of 2nd period - Minor Penalty to Wade Redden for Hooking.
13:57 of 2nd period - Tyler Bozak wins face-off versus Jeff Halpern in Avalanche zone.
14:53 of 2nd period - Shot by Mike Green.
14:53 of 2nd period - Stopped by Antti Niemi without a rebound.
14:54 of 2nd period - Matt Stajan wins face-off versus Vaclav Prospal in Avalanche zone.
16:31 of 2nd period - Shot by Vaclav Prospal.
16:31 of 2nd period - Goal by Vaclav Prospal - Capitals : 1 - Avalanche : 2.
16:32 of 2nd period - Ryan White wins face-off versus Boyd Kane in neutral zone.
16:41 of 2nd period - Shot by Cal Clutterbuck.
16:41 of 2nd period - Stopped by Jimmy Howard without a rebound.
16:42 of 2nd period - Jeff Halpern wins face-off versus Daniel Paille in Capitals zone.
16:47 of 2nd period - Minor Penalty to Marc Methot for Hooking.
16:48 of 2nd period - Tyler Bozak wins face-off versus Jeff Halpern in Capitals zone.
17:15 of 2nd period - Shot by Wojtek Wolski.
17:15 of 2nd period - Deflect By Mike Knuble.
17:15 of 2nd period - Goal by Mike Knuble - Capitals : 1 - Avalanche : 3.
17:16 of 2nd period - Vaclav Prospal wins face-off versus Boyd Kane in neutral zone.
17:45 of 2nd period - Shot by Kimmo Timonen.
17:45 of 2nd period - Shot Misses the Net.
17:47 of 2nd period - Shot by Kimmo Timonen.
17:47 of 2nd period - Shot Misses the Net.
17:49 of 2nd period - Shot by Mike Green.
17:49 of 2nd period - Shot Blocked by Wade Redden.
17:59 of 2nd period - Vaclav Prospal is hit by Alexander Ovechkin and loses puck.
18:16 of 2nd period - Shot by Alexei Kovalev.
18:16 of 2nd period - Shot Misses the Net.
18:18 of 2nd period - Shot by Matt Cooke.
18:18 of 2nd period - Shot Misses the Net.
18:39 of 2nd period - Minor Penalty to Willie Mitchell for Elbowing.
18:40 of 2nd period - Antti Miettinen wins face-off versus Alexander Semin in Capitals zone.
19:43 of 2nd period - Shot by Vaclav Prospal.
19:43 of 2nd period - Shot Blocked by Marc Methot.
19:45 of 2nd period - Shot by Wojtek Wolski.
19:45 of 2nd period - Shot Blocked by Kimmo Timonen.
19:47 of 2nd period - Shot by Joni Pitkanen.
19:47 of 2nd period - Shot Misses the Net.

Period #3

0:01 of 3rd period - Alexander Ovechkin wins face-off versus Vaclav Prospal in neutral zone.
0:14 of 3rd period - Shot by Wojtek Wolski.
0:14 of 3rd period - Shot Blocked by Mike Green.
0:14 of 3rd period - Mike Green from Capitals is injured at 0:14 of 3rd period (Torn Left Knee Ligaments).
0:15 of 3rd period - Tyler Bozak wins face-off versus Ryane Clowe in Capitals zone.
0:25 of 3rd period - Icing by T.J. Oshie.
0:26 of 3rd period - Alexander Ovechkin wins face-off versus Tyler Bozak in Avalanche zone.
1:17 of 3rd period - Shot by Steve Eminger.
1:17 of 3rd period - Shot Misses the Net.
2:30 of 3rd period - Alexander Ovechkin is hit by Joni Pitkanen and loses puck.
2:44 of 3rd period - Matt Stajan is hit by Cam Barker and loses puck.
2:54 of 3rd period - Minor Penalty to Mike Knuble for Cross-checking.
2:55 of 3rd period - Jeff Halpern wins face-off versus Shawn Horcoff in Avalanche zone.
2:55 of 3rd period - Jeff Halpern is hit by James Vandermeer.
3:15 of 3rd period - Shot by Marc Methot.
3:15 of 3rd period - Deflect By Alexander Semin.
3:15 of 3rd period - Stopped by Antti Niemi with a rebound.
3:19 of 3rd period - Shot by Tomas Fleischmann.
3:19 of 3rd period - Shot Blocked by Kevin Klein.
3:21 of 3rd period - Shot by Jeff Halpern.
3:21 of 3rd period - Stopped by Antti Niemi without a rebound.
3:21 of 3rd period - Minor Penalty to Antti Niemi for Slashing.
3:22 of 3rd period - Matt Stajan wins face-off versus Shawn Horcoff in Avalanche zone.
3:25 of 3rd period - Shot by Kimmo Timonen.
3:25 of 3rd period - Shot Misses the Net.
3:27 of 3rd period - Shot by Alexander Ovechkin.
3:27 of 3rd period - Goal by Alexander Ovechkin - Capitals : 2 - Avalanche : 3.
3:28 of 3rd period - Matt Stajan wins face-off versus Shawn Horcoff in neutral zone.
4:03 of 3rd period - Icing by Corey Potter.
4:04 of 3rd period - Matt Stajan wins face-off versus Tyler Bozak in Capitals zone.
4:04 of 3rd period - Matt Stajan is hit by Tyler Bozak.
4:10 of 3rd period - Joni Pitkanen is hit by Alexander Ovechkin and loses puck.
4:24 of 3rd period - Icing by Alexander Ovechkin.
4:25 of 3rd period - Matt Stajan wins face-off versus Tyler Bozak in Capitals zone.
4:42 of 3rd period - Shot by Alexander Semin.
4:42 of 3rd period - Shot Blocked by Joe Corvo.
4:44 of 3rd period - Shot by Tomas Fleischmann.
4:44 of 3rd period - Stopped by Antti Niemi without a rebound.
4:45 of 3rd period - Jeff Halpern wins face-off versus Shawn Horcoff in Avalanche zone.
4:46 of 3rd period - Shot by Marc Methot.
4:46 of 3rd period - Deflect By Tomas Fleischmann.
4:46 of 3rd period - Shot Misses the Net.
4:48 of 3rd period - Shot by Marc Methot.
4:48 of 3rd period - Stopped by Antti Niemi without a rebound.
4:49 of 3rd period - Jeff Halpern wins face-off versus Shawn Horcoff in Avalanche zone.
4:54 of 3rd period - Shot by Tomas Fleischmann.
4:54 of 3rd period - Stopped by Antti Niemi without a rebound.
4:55 of 3rd period - Jeff Halpern wins face-off versus Shawn Horcoff in Avalanche zone.
5:08 of 3rd period - Shot by Alexander Semin.
5:08 of 3rd period - Shot Blocked by James Vandermeer.
5:10 of 3rd period - Shot by Willie Mitchell.
5:10 of 3rd period - Stopped by Antti Niemi without a rebound.
5:11 of 3rd period - Jeff Halpern wins face-off versus Tyler Bozak in Avalanche zone.
5:13 of 3rd period - Tomas Fleischmann is hit by Kevin Klein and loses puck.
6:00 of 3rd period - Icing by Joe Corvo.
6:01 of 3rd period - Vaclav Prospal wins face-off versus Boyd Kane in Avalanche zone.
6:17 of 3rd period - Trent Hunter is hit by Cam Barker and loses puck.
6:21 of 3rd period - Icing by Cam Barker.
6:22 of 3rd period - Jeff Halpern wins face-off versus Tyler Bozak in Avalanche zone.
6:39 of 3rd period - Shot by Tyler Bozak.
6:39 of 3rd period - Stopped by Jimmy Howard without a rebound.
6:40 of 3rd period - Shawn Horcoff wins face-off versus Matt Stajan in Capitals zone.
6:40 of 3rd period - James Vandermeer is hit by Steve Eminger and loses puck.
7:50 of 3rd period - Shot by Tomas Fleischmann.
7:50 of 3rd period - Shot Misses the Net.
8:26 of 3rd period - Icing by Tyler Bozak.
8:27 of 3rd period - Tyler Bozak wins face-off versus Boyd Kane in Avalanche zone.
8:39 of 3rd period - Icing by Marc Methot.
8:40 of 3rd period - Vaclav Prospal wins face-off versus Boyd Kane in Capitals zone.
8:59 of 3rd period - Shot by Vaclav Prospal.
8:59 of 3rd period - Shot Misses the Net.
9:01 of 3rd period - Shot by T.J. Oshie.
9:01 of 3rd period - Shot Blocked by Kimmo Timonen.
9:05 of 3rd period - Shot by Vaclav Prospal.
9:05 of 3rd period - Shot Blocked by Trent Hunter.
9:07 of 3rd period - Shot by Wade Redden.
9:07 of 3rd period - Shot Misses the Net.
9:11 of 3rd period - Shot by Vaclav Prospal.
9:11 of 3rd period - Shot Misses the Net.
9:20 of 3rd period - Minor Penalty to Joe Corvo for Hooking.
9:21 of 3rd period - Matt Stajan wins face-off versus Tyler Bozak in Avalanche zone.
9:24 of 3rd period - Shot by Willie Mitchell.
9:24 of 3rd period - Shot Blocked by Joni Pitkanen.
9:26 of 3rd period - Shot by Willie Mitchell.
9:26 of 3rd period - Stopped by Antti Niemi without a rebound.
9:27 of 3rd period - Matt Stajan wins face-off versus Tyler Bozak in Avalanche zone.
11:34 of 3rd period - Shot by Trent Hunter.
11:34 of 3rd period - Shot Blocked by Vaclav Prospal.
11:38 of 3rd period - Shot by Trent Hunter.
11:38 of 3rd period - Stopped by Antti Niemi without a rebound.
11:39 of 3rd period - Jeff Halpern wins face-off versus Ryan White in Avalanche zone.
11:39 of 3rd period - Jeff Halpern is hit by Joni Pitkanen.
12:01 of 3rd period - Joni Pitkanen is hit by Jeff Halpern and loses puck.
12:05 of 3rd period - Minor Penalty to Cam Barker for Hooking.
12:06 of 3rd period - Tyler Bozak wins face-off versus Matt Stajan in Avalanche zone.
12:25 of 3rd period - Shot by Alexander Ovechkin.
12:25 of 3rd period - Stopped by Antti Niemi without a rebound.
12:26 of 3rd period - Jeff Halpern wins face-off versus Shawn Horcoff in Avalanche zone.
12:34 of 3rd period - Tomas Fleischmann is hit by Wade Redden and loses puck.
12:40 of 3rd period - Alexander Semin is hit by James Vandermeer and loses puck.
13:53 of 3rd period - Shot by Tomas Fleischmann.
13:53 of 3rd period - Shot Misses the Net.
13:57 of 3rd period - Shot by Matt Cooke.
13:57 of 3rd period - Shot Misses the Net.
14:01 of 3rd period - Shot by Alexander Semin.
14:01 of 3rd period - Stopped by Antti Niemi without a rebound.
14:02 of 3rd period - Tyler Bozak wins face-off versus Jeff Halpern in Avalanche zone.
14:49 of 3rd period - Minor Penalty to Cam Barker for Tripping.
14:50 of 3rd period - Shawn Horcoff wins face-off versus Matt Stajan in Avalanche zone.
15:03 of 3rd period - Off-side.
15:04 of 3rd period - Matt Stajan wins face-off versus Vaclav Prospal in neutral zone.
16:29 of 3rd period - Icing by Alexei Kovalev.
16:30 of 3rd period - Vaclav Prospal wins face-off versus Matt Cooke in Capitals zone.
17:05 of 3rd period - Icing by Willie Mitchell.
17:06 of 3rd period - Matt Stajan wins face-off versus Vaclav Prospal in Capitals zone.
17:17 of 3rd period - Shot by Tomas Fleischmann.
17:17 of 3rd period - Shot Misses the Net.
17:35 of 3rd period - Shot by Dustin Penner.
17:35 of 3rd period - Shot Blocked by Matt Cooke.
17:37 of 3rd period - Shot by T.J. Oshie.
17:37 of 3rd period - Deflect By Dustin Penner.
17:37 of 3rd period - Shot Misses the Net.
18:44 of 3rd period - Icing by Cam Barker.
18:45 of 3rd period - Jeff Halpern wins face-off versus Shawn Horcoff in Avalanche zone.
18:46 of 3rd period - Shot by Tomas Fleischmann.
18:46 of 3rd period - Shot Blocked by Joe Corvo.
18:49 of 3rd period - Minor Penalty to Alexander Semin for Hooking.
18:50 of 3rd period - Brian Sutherby wins face-off versus Tyler Bozak in Capitals zone.
19:06 of 3rd period - Shot by Joe Corvo.
19:06 of 3rd period - Stopped by Jimmy Howard without a rebound.
19:07 of 3rd period - Brian Sutherby wins face-off versus Vaclav Prospal in Capitals zone.
19:22 of 3rd period - Shot by Wojtek Wolski.
19:22 of 3rd period - Shot Blocked by Willie Mitchell.
19:26 of 3rd period - Shot by Vaclav Prospal.
19:26 of 3rd period - Stopped by Jimmy Howard without a rebound.
19:27 of 3rd period - Tyler Bozak wins face-off versus Tomas Fleischmann in Capitals zone.


Output by the SimonT Hockey Simulator (STHS) for Stephane Roy -- Original Page W3C XHTML 1.0 Valid